AoeStats
← hemes

Coastal Forest

510899756Analyzed
4v4 RM · 17h ago on Oct 3, 2026· 34m 21s· 8 players
Game mode
Random Map
Map size
Large (8 player)
Population
200
Speed
Normal
Resources
Standard
Victory
Conquest
Starting age
Dark Age
Ending age
Imperial Age
RankedLock teamsTeams togetherTeam positionsShared explorationLock speedFull tech treeHidden civsTurbo modeCheats
Victory
Defeat
🇺🇸 Huns · United States
1284
+14
🇫🇷 Ethiopians · France
1229
+16
🇮🇩 Magyars · Indonesia
1217
+17
🇹🇼 Persians · Taiwan
1136
+21
🇨🇴 Slavs · Colombia
1283
-19
🇺🇸 Magyars · United States
1264
-18
🇺🇾 Persians · Uruguay
1259
-18
🇧🇷 Japanese · Brazil
1133
-13
hemes
4:58 Loom
10:24 Feudal Age
14:19 Castle Age
12:56 Double-Bit Axe
12:59 Horse Collar
14:52 Loom
21:44 Wheelbarrow
20:56 Town Watch
21:50 Heavy Plow
22:02 Bow Saw
24:35 Bloodlines
24:25 Husbandry
25:21 Scale Mail Armor
25:29 Scale Barding Armor
26:09 Hand Cart
28:46 Chain Barding Armor
31:19 Imperial Age
31:26 Cavalier
32:42 Plate Barding Armor
32:45 Paladin
Sahraoui
4:53 Loom
11:40 Feudal Age
16:08 Castle Age
15:31 Double-Bit Axe
16:33 Wheelbarrow
15:40 Horse Collar
20:28 Bow Saw
22:18 Forging
24:21 Fletching
24:32 Padded Archer Armor
24:58 Crossbowman
29:24 Imperial Age
27:24 Thumb Ring
27:48 Ballistics
27:26 Bodkin Arrow
27:46 Leather Archer Armor
27:59 Leather Archer Armor
29:42 Arbalester
30:26 Bracer
31:37 Chemistry
Tw/binjiun
9:21 Feudal Age
11:34 Horse Collar
13:05 Loom
18:23 Double-Bit Axe
21:41 Gold Mining
23:10 Wheelbarrow
23:38 Wheelbarrow
23:53 Stone Mining
26:23 Castle Age
25:04 Scale Barding Armor
25:09 Forging
28:01 Bow Saw
28:07 Pikeman
29:22 Chain Barding Armor
29:38 Iron Casting
Re_b_s
11:41 Feudal Age
15:22 Horse Collar
15:38 Double-Bit Axe
19:02 Castle Age
18:35 Fletching
20:21 Bodkin Arrow
21:11 Thumb Ring
21:11 Padded Archer Armor
28:05 Leather Archer Armor
27:53 Husbandry
28:04 Bloodlines
36:05 Imperial Age
mattmcneil9
0:27 Loom
9:43 Feudal Age
13:59 Horse Collar
Ricky-Uruguay
4:25 Loom
11:56 Feudal Age
12:20 Fishing Lines
13:53 Double-Bit Axe
18:04 Castle Age
19:08 Bloodlines
19:08 Scale Barding Armor
19:27 Bow Saw
19:54 Forging
19:45 Gillnets
23:21 Husbandry
23:19 Horse Collar
29:50 Chain Barding Armor
30:07 Iron Casting
30:46 Wheelbarrow
34:19 Gold Mining
christianperalta141
3:50 Loom
9:25 Feudal Age
15:10 Castle Age
13:24 Double-Bit Axe
14:33 Horse Collar
15:32 Wheelbarrow
17:04 Bow Saw
alwinmonteiro
8:20 Loom
11:01 Feudal Age
15:49 Castle Age
14:31 Gold Mining
15:15 Stone Mining
19:53 Horse Collar
20:17 Double-Bit Axe
26:34 Scale Mail Armor
28:58 Elite Skirmisher
30:00 Forging
33:36 Fletching
33:47 Padded Archer Armor
Connection lost

Rejoining the realm…

Still unreachable

The connection could not be restored.

Session expired

The server has moved on; the page needs a fresh start.